 Dungeon Crawl Stone Soup version 0.30-a0-918-g0ff054e9dc (webtiles) character file.

Game seed: 13757760704239396331

281 Demosthentine the Poker (level 6, -1/47 HPs)
             Began as a Demonspawn Gladiator on Mar 21, 2023.
             Killed from afar by a white imp (5 damage)
             ... with a puff of frost
             ... summoned by Natasha
             ... on level 3 of the Dungeon.
             The game lasted 00:01:44 (2709 turns).

Demosthentine the Poker (Demonspawn Gladiator)      Turns: 2709, Time: 00:01:45

Health: -1/47      AC:  4    Str: 17    XL:     6   Next: 6%
Magic:  6/6        EV: 13    Int:  9    God:
Gold:   149        SH:  0    Dex: 16    Spells: 5/5 levels left

rFire   . . .      SeeInvis .    a - +0 trident
rCold   . . .      Faith    .    (no shield)
rNeg    . . .      Spirit   .    b - +0 leather armour
rPois   .          Reflect  .    c - +0 helmet
rElec   .          Rampage  .    (no cloak)
rCorr   .                        (no gloves)
Will    .....                    (no boots)
Stlth   ++                       (no amulet)
HPRegen 0.27/turn                (no ring)
MPRegen 0.10/turn                (no ring)

@: no status effects
A: claws 1, thin skeletal structure 1
a: no special abilities


You were on level 3 of the Dungeon.
You visited 1 branch of the dungeon, and saw 3 of its levels.

You collected 149 gold pieces.

Inventory:

Hand Weapons
 a - a +0 trident (weapon)
Missiles
 d - 2 throwing nets (quivered)
 e - a javelin
Armour
 b - a +0 leather armour (worn)
 c - a +0 helmet (worn)
Jewellery
 l - a ring of resist corrosion
 n - a ring of flight
Wands
 m - a wand of roots (4)
Scrolls
 g - a scroll of butterflies {unknown}
Potions
 f - a potion of mutation
 h - a potion of haste
 i - a potion of might {unknown}
 j - a potion of brilliance {unknown}
 k - a potion of curing {unknown}


   Skills:
 + Level 3.5 Fighting
 + Level 3.8 Polearms
 - Level 1.7 Throwing
 + Level 2.5 Armour
 + Level 3.8 Dodging


You had 5 spell levels left.
You didn't know any spells.
Your spell library contained the following spells:

 Spells                   Type           Power      Damage    Failure   Level
 Inner Flame              Hex/Fire       0%         N/A       82%         3
 Flame Wave               Conj/Fire      0%         2d4       99%         4
 Sticky Flame             Conj/Fire      0%         2d3       99%         4


Dungeon Overview and Level Annotations

Branches:
Dungeon (3/15)

Altars:
Trog

Shops:
D:3 *

Annotations:
D:3 Natasha


Innate Abilities, Weirdness & Mutations

You have sharp fingernails.
You have a somewhat thin skeletal structure. (Dex +2, Stealth+)


Message History

The magic dart hits you.
The frilled lizard bites you but does no damage.
You closely miss Natasha.
Natasha is severely wounded.
Natasha claws you. The frilled lizard bites you.
You hit Natasha but do no damage.
Natasha is severely wounded.
The crimson imp completely misses you. Natasha barely misses you.
The frilled lizard bites you but does no damage.
You hit Natasha.
Natasha is severely wounded.
The crimson imp hits you but does no damage.
Natasha claws you!
* * * LOW HITPOINT WARNING * * *
The frilled lizard barely misses you.
The crimson imp hits you but does no damage.
You hit Natasha.
Natasha is almost dead.
Natasha casts a spell.
The frilled lizard bites you but does no damage.
The crimson imp barely misses you.
You miss Natasha.
Natasha is almost dead.
Natasha claws you.
* * * LOW HITPOINT WARNING * * *
The frilled lizard bites you but does no damage.
The crimson imp blinks!
Unknown command.
You hit Natasha but do no damage.
Natasha is almost dead.
Natasha misses you. The frilled lizard bites you.
* * * LOW HITPOINT WARNING * * *
The white imp barely misses you.
You hit Natasha but do no damage.
Natasha is almost dead.
Natasha claws you but does no damage. The frilled lizard bites you.
* * * LOW HITPOINT WARNING * * *
The white imp gestures at you. The puff of frost hits you.
You die...

.....# #.##..........#..
.##### #.##..........#..
.# #.##..........#.. .#
#...######....#.. .#
####...'.......).... ##
#####......############.
...........# #.#
.....5.....# ...#
......l@...# #.##.#
......5h...# # #.#
!..........# #.#
...........# #.#
...........# #
#####......# # #......#
# #......# #


You could see Natasha, a crimson imp (summoned), a white imp (summoned) and a
frilled lizard.

Vanquished Creatures
  Sigmund (D:3)
  Ijyb (D:3)
  An orc wizard (D:3)
  4 adders
  A worm (D:2)
  2 dart slugs
  3 orcs (D:3)
  3 endoplasms
  2 giant cockroaches (D:1)
  5 goblins
  2 hobgoblins
  A quokka (D:2)
  4 ball pythons
  3 bats
  2 frilled lizards (D:1)
  4 kobolds
  2 rats
41 creatures vanquished.

Notes
Turn   | Place    | Note
-------+----------+-------------------------------------------
     0 | D:1      | Demosthentine the Demonspawn Gladiator began the quest for
                  | the Orb.
     0 | D:1      | Reached XP level 1. HP: 16/16 MP: 1/1
   356 | D:1      | Gained mutation: You have a somewhat thin skeletal
                  | structure. (Dex +2, Stealth+) [demonic ancestry]
   356 | D:1      | Reached XP level 2. HP: 22/22 MP: 2/2
   991 | D:2      | Reached skill level 1 in Armour
  1022 | D:2      | Reached XP level 3. HP: 27/28 MP: 3/3
  2054 | D:3      | Reached XP level 4. HP: 16/34 MP: 4/4
  2144 | D:3      | Found Zin's Purification Station.
  2187 | D:3      | Noticed Sigmund
  2197 | D:3      | Killed Sigmund
  2198 | D:3      | Gained mutation: You have sharp fingernails. [demonic
                  | ancestry]
  2198 | D:3      | Reached XP level 5. HP: 33/41 MP: 5/5
  2327 | D:3      | Found a bloodstained altar of Trog.
  2417 | D:3      | Noticed Ijyb
  2429 | D:3      | Killed Ijyb
  2430 | D:3      | Reached XP level 6. HP: 25/47 MP: 6/6
  2688 | D:3      | Noticed Natasha
  2709 | D:3      | Killed from afar by a white imp

Illustrated notes

Levels and vault maps discovered:
D:1:      dpeg_arrival_prison, layout_basic, minmay_misc_feat_x
D:2:      layout_basic
D:3:      layout_basic, trog_book, zin_purify, uniq_natasha, uniq_ijyb,
          uniq_sigmund

Skill      XL: |  1  2  3  4 |
---------------+-------------+-----
Polearms       | 3 |  3.8
Dodging        | 3 |  3.8
Armour         | 1 2 |  2.5
Fighting       | 3 |  3.5
Throwing       | |  1.7

Action                     |  1- 3 |  4- 6 || total
---------------------------+-------+-------++-------
  Melee: Trident           |   112 |    48 ||   160
         Punch             |     1 |       ||     1
  Throw: Throwing net      |       |     1 ||     1
    Use: Scroll            |     5 |       ||     5
         Potion            |     1 |       ||     1
   Stab: Sleeping          |     5 |     1 ||     6
         Held in net/web   |       |     1 ||     1
 Armour: Leather armour    |    26 |    13 ||    39
  Dodge: Dodged            |    55 |    29 ||    84

Table legend: (Time is in decaauts)
 A = Elapsed time spent in this place.
 B = Non-inter-level travel time spent in this place.
 C = Inter-level travel time spent in this place.
 D = Time resting spent in this place.
 E = Time spent auto-exploring this place.
 F = Levels seen in this place.
 G = Mean time per level.
                   A        B        C        D        E       F      G
               +--------+--------+--------+--------+--------+-----+--------+
         Total |   2714 |   2604 |    110 |    117 |   2136 |   3 |  904.7 |
       Dungeon |   2714 |   2604 |    110 |    117 |   2136 |   3 |  904.7 |
               +--------+--------+--------+--------+--------+-----+--------+

Top non-repeatable levels by time:
     D:2: 991 daAuts
     D:1: 887 daAuts
     D:3: 835 daAuts
